 Dungeon Crawl Stone Soup version 0.23.1-37-gaa34b87b72 (webtiles) character file.

Game seed: 17416890043085925407

3280 PikkenKukken the Dealer of Despair (level 9, 0/90 HPs)
             Began as a Troll Necromancer on Mar 22, 2019.
             Was an Elder of Kikubaaqudgha.
             Slain by a centaur (7 damage)
             ... on level 8 of the Dungeon on Mar 23, 2019.
             The game lasted 00:22:27 (7197 turns).

PikkenKukken the Dealer of Despair (TrNe)           Turns: 7197, Time: 00:22:27

Health: 0/90       AC:  9    Str: 25    XL:     9   Next: 69%
Magic:  7/12       EV: 13    Int: 12    God:    Kikubaaqudgha [****..]
Gold:   492        SH:  0    Dex: 15    Spells: 9/14 levels left

rFire    . . .     SeeInvis .     - Unarmed
rCold    . . .     Gourm    +   (no shield)
rNeg     . . .     Faith    .   p - +2 robe of the Mutiny {Str+7}
rPois    .         Spirit   .   (helmet restricted)
rElec    .         Reflect  .   (no cloak)
rCorr    .         Harm     .   (gloves unavailable)
MR       .....                  (boots unavailable)
Stlth    ++........             (no amulet)
HPRegen  1.65/turn              h - +5 ring of dexterity
MPRegen  0.13/turn              (no ring)

@: lethally poisoned (0 -> 0), regenerating
A: large, unfitting armour, claws 3, rugged brown scales 1, dopey 1, fast
metabolism 3, gourmand, mutation resistance 1, regeneration 1, shaggy fur 1,
tough skin 3
a: Receive Corpses, Renounce Religion


You were on level 8 of the Dungeon.
You worshipped Kikubaaqudgha.
Kikubaaqudgha was greatly pleased with you.
You were very full.

You visited 1 branch of the dungeon, and saw 8 of its levels.

You collected 492 gold pieces.

Inventory:

Hand Weapons
 s - a +0 giant club
Armour
 a - a +0 robe
 p - the +2 robe of the Mutiny (worn) {Str+7}
   (You found it on level 5 of the Dungeon)

   It affects your strength (+7).
Jewellery
 h - a +5 ring of dexterity (left claw)
Scrolls
 b - 5 scrolls of remove curse
 f - 4 scrolls of teleportation
 j - a scroll of amnesia
 k - a scroll of identify
 l - a scroll of enchant weapon
 o - 3 scrolls of fear
 r - 2 scrolls of silence
Potions
 d - 2 potions of cancellation
 e - 2 potions of might
 g - 2 potions of flight
 i - 5 potions of curing
 n - a potion of haste
Comestibles
 c - 15 rations
 m - 10 chunks of flesh


   Skills:
 - Level 5.0 Fighting
 - Level 6.0 Dodging
 - Level 1.0 Stealth
 - Level 6.0 Unarmed Combat
 - Level 3.0 Spellcasting
 + Level 6.5 Necromancy


You had 9 spell levels left.
You knew the following spells:

 Your Spells              Type           Power        Failure   Level  Hunger
a - Regeneration          Chrm/Necr      #.........   19%         3    ###....
b - Animate Skeleton      Necr           N/A          1%          1    #......
c - Pain                  Necr           ###.         1%          1    #......

Your spell library contained the following spells:

 Spells                   Type           Power        Failure   Level  Hunger
 Sublimation of Blood     Necr           ###.......   2%          2    ###....
 Vampiric Draining        Necr           ###.......   4%          3    ###....
 Animate Dead             Necr           N/A          16%         4    #####..
 Flame Tongue             Conj/Fire      #....        24%         1    #......
 Infusion                 Chrm           #...         24%         1    #......
 Shroud of Golubria       Chrm/Tloc      #.........   36%         2    ###....
 Song of Slaying          Chrm           #.......     36%         2    ###....
 Throw Flame              Conj/Fire      #.....       36%         2    ###....
 Dispel Undead            Necr           ###.....     41%         5    ######.
 Conjure Flame            Conj/Fire      #.......     58%         3    ###....
 Inner Flame              Hex/Fire       #.......     58%         3    ###....
 Spectral Weapon          Hex/Chrm       #.......     58%         3    ###....
 Bolt of Draining         Conj/Necr      #.........   87%         5    ######.
 Borgnjor's Vile Clutch   Necr/Erth      #.........   87%         5    ######.
 Sticky Flame             Conj/Fire      #.......     94%         4    #####..
 Death Channel            Necr           ###.......   94%         6    #######
 Fireball                 Conj/Fire      #.........   100%        5    ######.
 Simulacrum               Ice/Necr       #.........   100%        6    #######


Dungeon Overview and Level Annotations

Branches:
Dungeon (8/15)             Temple (0/1) D:5
   Lair: D:8-11

Altars:
Cheibriados
Elyvilon
Gozag
Hepliaklqana
Kikubaaqudgha
Okawaru

Shops:
D:6 *}

Annotations:
D:5 1 runed translucent door, Crazy Yiuf


Innate Abilities, Weirdness & Mutations

You are too large for most types of armour.
You have claws for hands.
Your metabolism is lightning-fast.
You like to eat raw meat.
Your natural rate of healing is unusually fast.
You are covered in fur. (AC +1)
You have extremely tough skin. (AC +3)
You are partially covered in rugged brown scales. (AC +1, +3% HP)
You are dopey. (Int -2)
You are somewhat resistant to further mutation.


Message History

Confirm with . or Enter, or press ? or * to list all spells.
Your skin crawls.
The killer bee misses you. The centaur closely misses you.
The killer bee barely misses you. The centaur misses you.
You scratch the centaur but do no damage.
The killer bee misses you. The centaur hits you.
* * * LOW HITPOINT WARNING * * *
The killer bee stings you!
* * * LOW HITPOINT WARNING * * *
You are more poisoned.
The killer bee poisons you!
You closely miss the killer bee. Your claw misses the killer bee.
The killer bee is severely wounded.
You feel sick. The killer bee closely misses you. The centaur hits you!
* * * LOW HITPOINT WARNING * * *
Unknown command.
You barely miss the killer bee.
The killer bee is severely wounded.
You feel sick. The killer bee misses you. The centaur hits you!
You die...
Kikubaaqudgha rasps: "You have failed me!
Welcome... death!"

#. #(#### .y .....#
#. #.##.# #. #.##.#
#. #.##.#
#.###.##.#####
#####..........[.#
...(..?....##(###.#
.......######ay@..#
####... ####c.#
#...# ..... .....#
.##### ###...## .#
#....# .# #..#.####
.# #>....... .#
#........


You could see a centaur, a worker ant and a killer bee.

Vanquished Creatures
  Sigmund (D:2)
  A wyvern (D:6)
  Eustachio (D:5)
  2 ice beasts
  3 ogres (D:7)
  2 centaurs
  A big kobold (D:4)
  4 bullfrogs
  A water moccasin zombie (D:7)
  2 scorpions
  5 killer bees
  3 wights (D:6)
  2 crimson imps
  A centaur zombie (D:5)
  4 hounds
  A bullfrog skeleton (D:6)
  2 orc priests
  4 jellies
  6 orc wizards
  A centaur skeleton (D:8)
  Natasha (thrice) (D:3)
  11 worker ants
  Robin (D:4)
  8 adders
  9 gnolls (D:4)
  A shadow imp (D:7)
  3 oozes
  An adder skeleton (D:8)
  3 worms
  2 dart slugs
  7 leopard geckos
  24 orcs
  2 ball pythons
  6 bats
  5 giant cockroaches
  45 goblins
  24 hobgoblins
  13 jackals
  9 kobolds
  2 quokkas
  A frilled lizard (D:3)
  A jackal skeleton (D:6)
  A quokka zombie (D:6)
  7 rats
236 creatures vanquished.

Vanquished Creatures (collateral kills)
  An ogre (D:6)
  A howler monkey (D:2)
  An orc priest (D:4)
  A giant cockroach (D:3)
  3 goblins (D:4)
  9 hobgoblins
  A kobold (D:4)
  A quokka (D:3)
  A frilled lizard (D:5)
19 creatures vanquished.

Vanquished Creatures (others)
  A bush (D:5)
1 creature vanquished.

Grand Total: 256 creatures vanquished

Notes
Turn   | Place    | Note
-------+----------+-------------------------------------------
     0 | D:1      | PikkenKukken the Troll Necromancer began the quest for the
                  | Orb.
     0 | D:1      | Reached XP level 1. HP: 16/16 MP: 1/1
    39 | D:1      | Learned a level 1 spell: Animate Skeleton
   153 | D:1      | Reached XP level 2. HP: 26/26 MP: 2/2
   178 | D:1      | Reached skill level 1 in Unarmed Combat
   481 | D:2      | Noticed Sigmund
   567 | D:2      | Reached skill level 1 in Fighting
   599 | D:2      | Reached XP level 3. HP: 32/33 MP: 3/3
   605 | D:2      | Gained mutation: You are partially covered in rugged brown
                  | scales. (AC +1, +3% HP) [potion of mutation]
   605 | D:2      | Gained mutation: You are dopey. (Int -2) [potion of
                  | mutation]
   605 | D:2      | Gained mutation: You are somewhat resistant to further
                  | mutation. [potion of mutation]
   625 | D:2      | Killed Sigmund
   625 | D:2      | Reached XP level 4. HP: 19/43 MP: 4/4
   625 | D:2      | Reached XP level 5. HP: 22/50 MP: 5/5
   675 | D:2      | Reached XP level 6. HP: 52/60 MP: 6/6
  1451 | D:3      | Found an opulent altar of Gozag.
  1454 | D:3      | Found an ancient bone altar of Kikubaaqudgha.
  1458 | D:3      | Became a worshipper of Kikubaaqudgha
  1462 | D:3      | Found an iron altar of Okawaru.
  1481 | D:3      | Noticed Natasha
  1488 | D:3      | Killed Natasha
  1761 | D:3      | Reached * piety under Kikubaaqudgha
  1761 | D:3      | Identified Kikubaaqudgha's Incunabulum of Evil Rites
                  | (Kikubaaqudgha gifted it to you on level 3 of the Dungeon)
  1761 | D:3      | Received a gift from Kikubaaqudgha
  1821 | D:3      | Found an opulent altar of Gozag.
  1977 | D:3      | Found a white marble altar of Elyvilon.
  1999 | D:3      | Noticed Natasha
  2006 | D:3      | Killed Natasha
  2032 | D:3      | Noticed Natasha
  2034 | D:3      | Killed Natasha
  2281 | D:4      | Noticed Robin
  2293 | D:4      | Killed Robin
  2293 | D:4      | Reached XP level 7. HP: 65/69 MP: 1/7
  2882 | D:4      | Reached ** piety under Kikubaaqudgha
  3240 | D:4      | Reached *** piety under Kikubaaqudgha
  3240 | D:4      | Identified Kikubaaqudgha's Papyrus of Dark Rites
                  | (Kikubaaqudgha gifted it to you on level 4 of the Dungeon)
  3240 | D:4      | Received a gift from Kikubaaqudgha
  3604 | D:4      | Reached skill level 5 in Unarmed Combat
  3892 | D:5      | Entered Level 5 of the Dungeon
  3985 | D:5      | Found a staircase to the Ecumenical Temple.
  4123 | D:5      | Reached XP level 8. HP: 77/80 MP: 8/8
  4214 | D:5      | Found a runed translucent door.
  4215 | D:5      | Noticed Crazy Yiuf
  4278 | D:5      | Got a tattered robe
  4289 | D:5      | Identified the +2 robe of the Mutiny {Str+7} (You found it
                  | on level 5 of the Dungeon)
  4347 | D:5      | Noticed Eustachio
  4518 | D:5      | Killed Eustachio
  4518 | D:5      | Reached skill level 5 in Dodging
  5163 | D:6      | Reached **** piety under Kikubaaqudgha
  5163 | D:6      | Reached skill level 5 in Fighting
  5334 | D:6      | Found Guas's Elemental Accessories.
  5470 | D:6      | Found Dieguv's Gadget Shop.
  5534 | D:6      | Reached XP level 9. HP: 85/90 MP: 9/11
  6326 | D:7      | Reached skill level 5 in Necromancy
  6477 | D:7      | Found a hazy altar of Hepliaklqana.
  6515 | D:7      | Found a snail-covered altar of Cheibriados.
  6996 | D:7      | Learned a level 3 spell: Regeneration
  7197 | D:8      | Slain by a centaur

Skill      XL: |  1  2  3  4  5  6  7  8  9 |
---------------+----------------------------+-----
Unarmed Combat | 1 2 3 4 5 6 |  6.0
Dodging        | 2 3 4 6 |  6.0
Fighting       | 1 2 3 4 5 |  5.0
Spellcasting   | 2 3 |  3.0
Necromancy     | 6 |  6.5
Stealth        | |  1.0

Action                   |  1- 3 |  4- 6 |  7- 9 || total
-------------------------+-------+-------+-------++-------
Melee: Unarmed           |    81 |   177 |   474 ||   732
       Punch             |       |       |    11 ||    11
 Cast: Animate Skeleton  |     8 |    28 |    49 ||    85
       Pain              |       |       |     4 ||     4
       Regeneration      |       |       |     5 ||     5
  Use: Scroll            |     3 |     6 |    10 ||    19
       Potion            |     2 |       |     5 ||     7
 Stab: Sleeping          |     1 |     5 |     9 ||    15
       Distracted        |       |       |     1 ||     1
  Eat: Chunk             |    11 |    17 |    47 ||    75
Armor: Robe              |    26 |    66 |   146 ||   238
Dodge: Dodged            |    48 |   108 |   329 ||   485
